 Seeded DCSS version 0.30-a0-920-g7493c07aab (webtiles) character file.

Game seed: 3125986916090331667 (custom seed)

13 Parcival the Shield-Bearer (level 2, -2/27 HPs)
             Began as a Minotaur Fighter on Mar 21, 2023.
             Slain by an orange demon (5 damage)
             ... summoned by the player character
             ... on level 1 of the Dungeon.
             The game lasted 00:01:53 (389 turns).

Parcival the Shield-Bearer (Minotaur Fighter)        Turns: 389, Time: 00:01:53

Health: -2/27      AC:  7    Str: 20    XL:     2   Next: 24%
Magic:  1/1        EV:  9    Int:  5    God:
Gold:   37         SH:  4    Dex:  9    Spells: 1/1 levels left

rFire   . . .      SeeInvis +    e - +16 obsidian axe {drain, demonic, Mesm Drain Fly SInv}
rCold   . . .      Faith    .    c - +0 buckler
rNeg    . . .      Spirit   .    b - +0 scale mail
rPois   .          Reflect  .    (helmet restricted)
rElec   .          Rampage  .    (no cloak)
rCorr   .                        (no gloves)
Will    .....                    (no boots) Stlth
                                 (no amulet)
HPRegen 0.24/turn                (no ring)
MPRegen 0.07/turn                (no ring)

@: mighty, lethally poisoned (-2 -> -17), weakened, flying, mesmerised
A: horns 2, retaliatory headbutt
a: no special abilities


You were on level 1 of the Dungeon.
You visited 1 branch of the dungeon, and saw 1 of its levels.

You collected 37 gold pieces.

Inventory:

Hand Weapons
 a - a +0 war axe
 e - the +16 obsidian axe (weapon) {drain, demonic, Mesm Drain Fly SInv}
   (You acquired it on level 1 of the Dungeon)

   Mesm:      Its wielder is mesmerised by any visible foes, and it cannot be
   unequipped while any foes are visible.
   SInv:      It lets you see invisible.
   Fly:       It grants you flight.
   Drain:     It drains your maximum health when unequipped.
Armour
 b - a +0 scale mail (worn)
 c - a +0 buckler (worn)
Jewellery
 i - an amulet of magic regeneration
Scrolls
 f - a scroll of brand weapon {unknown}
 g - a scroll of identify {unknown}
Potions
 h - a potion of heal wounds {unknown}


   Skills:
 + Level 3.7 Fighting
 + Level 2.5 Axes
 + Level 3.8 Armour
 + Level 4.2 Shields


You had one spell level left.
You didn't know any spells.
Your spell library was empty.

Dungeon Overview and Level Annotations

Branches:
Dungeon (1/15)

Altars:


Innate Abilities, Weirdness & Mutations

You have a pair of horns on your head.
You reflexively headbutt those who attack you in melee.


Message History

A rat comes into view.
Visions of slaying the rat flood into your mind.
A rat is nearby!
You hit the rat but do no damage. You open a gate to Pandemonium!
A demon appears!
It doesn't seem very happy.
You headbutt the rat.
The rat is severely wounded.
The rat bites you but does no damage. The rat barely misses you.
You furiously retaliate!
You headbutt the rat!
You break out of your daze!
You kill the rat!
Visions of slaying the orange demon flood into your mind.
The orange demon stings you but does no damage.
You block the orange demon's attack. The orange demon stings you.
The orange demon hits you but does no damage.
You closely miss the orange demon. The orange demon stings you.
The orange demon closely misses you.
You slash the orange demon! You headbutt the orange demon.
The orange demon is moderately wounded.
The orange demon stings you but does no damage.
The orange demon hits you.
You feel your attacks grow feeble.
You slash the orange demon!
The orange demon is severely wounded.
The orange demon stings you! The orange demon closely misses you.
You block the orange demon's attack. The orange demon hits you.
* * * LOW HITPOINT WARNING * * *
You slash the orange demon! You headbutt the orange demon.
The orange demon is almost dead.
The orange demon stings you.
* * * LOW HITPOINT WARNING * * *
You are lethally poisoned!
The orange demon poisons you! The orange demon barely misses you.
You feel very mighty all of a sudden.
* * * LOW HITPOINT WARNING * * *
You feel very sick. The orange demon stings you.
You die...

#.....# #.####..#
#.....###.##....#
.......##.##.##.#
.##.##.##.##.##.#
.##.##.##.......#
.##..)).####.##########
.#####..# #.##.......#
.÷......####.....####.#
.....#........#.@4##
........#####......#
###+###.## #.#...##
#~~.~~##.## #.#..####.#
~..P..~##.# #..)......#
.P.8.P.~#.# ##.#.###.##
...♣...~#.## #.#.##
P..).bP.+..# #.#..# #
...♣..b~#..#
#.##.##.####


You could see an orange demon (summoned, mesmerising).

Vanquished Creatures
  2 endoplasms (D:1)
  5 goblins (D:1)
  A ball python (D:1)
  2 bats (D:1)
  2 kobolds (D:1)
  A rat (D:1)
13 creatures vanquished.

Notes
Turn   | Place    | Note
-------+----------+-------------------------------------------
     0 | D:1      | Parcival the Minotaur Fighter began the quest for the Orb.
     0 | D:1      | Reached XP level 1. HP: 19/19 MP: 0/0
    28 | D:1      | Identified a scroll of acquirement
    28 | D:1      | Acquired the +16 obsidian axe {drain, demonic, Mesm Drain
                  | Fly SInv}
    28 | D:1      | Found the +16 obsidian axe {drain, demonic, Mesm Drain Fly
                  | SInv}
    65 | D:1      | Reached skill level 4 in Shields
   136 | D:1      | Reached XP level 2. HP: 27/27 MP: 1/1
   382 | D:1      | Noticed an orange demon
   389 | D:1      | Slain by an orange demon

Illustrated notes

Levels and vault maps discovered:
D:1:      amcnicky_arrival_single_pillar, layout_loops_cross,
          hangedman_glass_garden

Skill      XL: |  1 |
---------------+----+-----
Shields        | 4 |  4.2
Fighting       | |  3.7
Axes           | |  2.5
Armour         | |  3.8

Action                     || total
---------------------------++-------
  Melee: Broad axe         ||    16
         War axe           ||     2
         Headbutt          ||     3
    Use: Scroll            ||     1
         Potion            ||     1
 Armour: Scale mail        ||    19
  Dodge: Dodged            ||    16
  Block: Buckler           ||     8

Table legend: (Time is in decaauts)
 A = Elapsed time spent in this place.
 B = Non-inter-level travel time spent in this place.
 C = Inter-level travel time spent in this place.
 D = Time resting spent in this place.
 E = Time spent auto-exploring this place.
 F = Levels seen in this place.
 G = Mean time per level.
                   A        B        C        D        E       F      G
               +--------+--------+--------+--------+--------+-----+--------+
         Total |    397 |    397 |      0 |      0 |    282 |   1 |  397.0 |
       Dungeon |    397 |    397 |      0 |      0 |    282 |   1 |  397.0 |
               +--------+--------+--------+--------+--------+-----+--------+

Top non-repeatable levels by time:
     D:1: 397 daAuts
